 Dungeon Crawl Stone Soup version 0.28-a0-422-gd71735cc25 (webtiles) character file.

Game seed: 16796386300862135173

6303 heikuro the Carver (level 11, -2/85 HPs)
             Began as a Formicid Fighter on Sept 8, 2021.
             Was a High Priest of Dithmenos.
             Killed by divine providence
             ... invoked by an orc priest
              (7 damage)
             ... on level 9 of the Dungeon.
             The game lasted 00:23:59 (11563 turns).

heikuro the Carver (Formicid Fighter)              Turns: 11563, Time: 00:23:59

Health: -2/85      AC: 17    Str: 23    XL:     11   Next: 16%
Magic:  0/16       EV:  7    Int:  8    God:    Dithmenos [*****.]
Gold:   468        SH:  6    Dex: 11    Spells: 10/10 levels left

rFire   . . .      SeeInvis +   j - +1 dagger (venom)
rCold   . . .      Faith    .   c - +0 buckler
rNeg    . . .      Spirit   +   u - +1 plate armour
rPois   .          Reflect  .   (helmet unavailable)
rElec   .          Harm     .   (no cloak)
rCorr   .          Rampage  .   m - +0 pair of gloves
Will    ++...                   l - +0 pair of boots
Stlth   ..........              p - amulet of guardian spirit
HPRegen 0.24/turn               n - ring of willpower
MPRegen 0.15/turn               (no ring)

@: mighty, wreathed by umbra
A: permanent stasis, dig shafts and tunnels, antennae 3, four strong arms,
subdued magic 1
a: Dig, Shaft Self, Renounce Religion, Shadow Step, Shadow Form


You were on level 9 of the Dungeon.
You worshipped Dithmenos.
Dithmenos was extremely pleased with you.
You visited 2 branches of the dungeon, and saw 10 of its levels.
You also visited: Ossuary.

You collected 468 gold pieces.

Inventory:

Hand Weapons
 a - a +1 long sword
 j - a +1 dagger of venom (weapon)
 C - a +5 short sword of freezing
Missiles
 D - a curare-tipped dart
 I - 29 poisoned darts
Armour
 c - a +0 buckler (worn)
 l - a +0 pair of boots (worn)
 m - a +0 pair of gloves (worn)
 u - a +1 plate armour (worn)
 K - a +0 kite shield
Jewellery
 n - a ring of willpower (left hand)
 p - an amulet of guardian spirit (around neck)
Wands
 q - a wand of iceblast (5)
 y - a wand of acid (9)
 H - a wand of paralysis (12)
Scrolls
 h - a scroll of silence {unknown}
 r - a scroll of enchant weapon
 s - 2 scrolls of immolation
 t - a scroll of holy word {unknown}
 v - a scroll of fear {unknown}
 w - a scroll of brand weapon {unknown}
 x - 2 scrolls of identify
 B - a scroll of summoning {unknown}
 E - a scroll of enchant armour
 F - a scroll of amnesia
 J - a scroll of teleportation {unknown}
Potions
 b - 2 potions of ambrosia
 d - 2 potions of might
 e - 3 potions of heal wounds
 f - a potion of attraction
 g - a potion of flight
 i - 2 potions of resistance
 k - 4 potions of curing
 o - 3 potions of lignification
 z - 3 potions of magic
 A - a potion of cancellation
 G - 2 potions of brilliance
 L - a potion of mutation


   Skills:
 + Level 7.7 Fighting
 * Level 9.1 Long Blades
 + Level 7.5 Armour
 + Level 7.0 Stealth
 + Level 8.3 Shields
 + Level 7.2 Invocations


You had 10 spell levels left.
You didn't know any spells.
Your spell library contained the following spells:

 Spells                   Type           Power      Damage    Failure   Level
 Magic Dart               Conj           0%         1d3       99%         1
 Shock                    Conj/Air       0%         1d3       99%         1
 Summon Small Mammal      Summ           0%         N/A       99%         1
 Call Imp                 Summ           0%         N/A       100%        2
 Call Canine Familiar     Summ           0%         N/A       100%        3
 Mephitic Cloud           Conj/Pois/Air  0%         N/A       100%        3
 Summon Guardian Golem    Hex/Summ       0%         N/A       100%        3
 Airstrike                Air            0%         N/A       100%        4
 Swiftness                Air            Unusable   N/A       N/A         3

Dungeon Overview and Level Annotations

Branches:
Dungeon (9/15)             Temple (1/1) D:4             Orc (0/2) D:9
Ossuary (visited)
   Lair: D:8-11

Altars:
Ashenzari
Cheibriados
Dithmenos
Elyvilon
Fedhas
Gozag
Hepliaklqana
Kikubaaqudgha
Makhleb
Nemelex Xobeh
Okawaru
Qazlal
Ru
Sif Muna
Trog
Uskayaw
Vehumet
Wu Jian
Xom
Yredelemnul
Zin
The Shining One
Beogh

Shops:
D:2 =   D:3 [((*   D:6 =

Annotations:
D:8 1 runed translucent door, MrDNA's ghost, novice TrHu
D:9 1 transporter


Innate Abilities, Weirdness & Mutations

You cannot be hasted, slowed, berserked, paralysed or teleported.
You can dig through walls and to a lower floor.
You have a pair of large antennae on your head. (SInv)
Your four strong arms can wield two-handed weapons with a shield.
Your spells are a little easier to cast, but a little less powerful.


Message History

You closely miss the orc. The orc hits you but does no damage.
You hit the orc.
The orc is poisoned.
The orc is heavily wounded.
You hear the steady creaking of a distant portcullis.
You kill the orc!
Dithmenos accepts your kill. You block the orc's attack.
You kill the orc!
Dithmenos accepts your kill.
Found 15 gold pieces.
An orc comes into view. It is wielding a +0 hand axe.
Found a potion of mutation.
The orc shouts!
An orc warrior comes into view. It is wielding a +0 dire flail.
Found a robe.
The orc warrior shouts!
An orc priest comes into view. It is wielding a +0 vorpal hand axe.
The orc warrior throws a boomerang.
The boomerang hits you but does no damage.
The orc hits you but does no damage.
The orc warrior throws a boomerang.
The boomerang barely misses you.
Found 14 gold pieces.
You see here a potion of mutation.
L - a potion of mutation The orc hits you but does no damage.
Aiming: Shadow Step
Press: ? - help, Dir - move target, f - orc warrior
Aim: an orc warrior, wielding a +0 dire flail, wearing a +0 plate armour and quivering boomerangs (umbra)
You step into the orc warrior's shadow.
The orc warrior hits you but does no damage.
Okay, then.
You feel very mighty all of a sudden.
The orc priest hits you but does no damage.
The orc warrior hits you but does no damage.
You hit the orc priest but do no damage.
The orc priest is poisoned.
Your shadow barely misses the orc priest.
The orc priest calls down the wrath of Beogh upon you.
Beogh smites you!
You die...

#.............#≈≈≈.......
.........≈...#..≈.##.....
.....##.≈≈...#..........
...####..≈≈..o.......##
##....≈..≈.......#
....#$...≈........
[..≈≈≈..≈≈........
...#.≈..≈oo.......
.....≈.≈≈.@.......
......≈≈.....#....
...##.≈......# #
..##........## .#
........## ........$.
......... .....##..


You could see an orc warrior, an orc priest (very poisoned) and an orc.

Vanquished Creatures
  Pikel (D:6)
  An unseen horror (D:8)
  A hornet (D:8)
  A shadow (D:8)
  2 wyverns
  2 water moccasins
  A black bear (D:6)
  5 orc warriors
  A necrophage (D:8)
  3 ice beasts
  7 ogres
  A centaur (D:6)
  2 lemures
  2 kobold brigands
  2 bullfrogs
  A gnoll sergeant (D:9)
  9 scorpions (Ossuary)
  A water moccasin zombie (D:6)
  6 killer bees (D:6)
  11 wights
  4 howler monkeys
  2 bullfrog zombies (D:7)
  4 jellies
  3 centaur zombies
  3 hounds
  A human zombie (Ossuary)
  5 orc priests
  A bullfrog skeleton (D:5)
  4 iguanas
  3 scorpion zombies (Ossuary)
  9 orc wizards
  A killer bee zombie (D:7)
  A hound skeleton (D:4)
  3 mummies (Ossuary)
  3 gnolls (D:9)
  A howler monkey skeleton (D:7)
  5 adders
  7 white imps
  An ufetubus (D:4)
  A worm (D:4)
  An adder skeleton (D:3)
  2 dart slugs
  41 orcs
  7 ball pythons
  8 endoplasms
  2 giant cockroaches
  9 goblins
  9 hobgoblins
  9 jackals
  A quokka (D:1)
  5 bats
  3 frilled lizards
  2 gnoll zombies (Ossuary)
  2 goblin zombies (Ossuary)
  2 hobgoblin zombies (Ossuary)
  15 kobolds
  A kobold zombie (Ossuary)
  5 orc zombies (Ossuary)
  3 rats
249 creatures vanquished.

Vanquished Creatures (others)
  6 demonic plants (D:1)
  14 plants (D:8)
  2 withered plants (D:1)
22 creatures vanquished.

Grand Total: 271 creatures vanquished

Notes
Turn   | Place    | Note
-------+----------+-------------------------------------------
     0 | D:1      | heikuro the Formicid Fighter began the quest for the Orb.
     0 | D:1      | Reached XP level 1. HP: 18/18 MP: 1/1
   539 | D:1      | Reached XP level 2. HP: 24/24 MP: 2/2
   737 | D:1      | Found a faded altar of an unknown god.
   904 | D:1      | Became a worshipper of Dithmenos the Shadowed
   904 | D:1      | Reached * piety under Dithmenos
  1143 | D:1      | Reached XP level 3. HP: 17/29 MP: 3/3
  2167 | D:2      | Found Osuepruk's Jewellery Shop.
  2353 | D:2      | Reached XP level 4. HP: 36/36 MP: 4/4
  2565 | D:3      | Reached skill level 3 in Long Blades
  2565 | D:3      | Reached skill level 1 in Invocations
  2571 | D:3      | Reached ** piety under Dithmenos
  2655 | D:3      | Found Qouxugat's Antique Weapon Boutique.
  2665 | D:3      | Reached XP level 5. HP: 42/42 MP: 6/6
  2725 | D:3      | Found Leowit's Antique Armour Emporium.
  2953 | D:3      | Found Vumododgh's General Store.
  2994 | D:3      | Found Nilimif's Weapon Boutique.
  3051 | D:3      | Found a shadowy altar of Dithmenos.
  3127 | D:4      | Found a basalt altar of Yredelemnul.
  3253 | D:4      | Noticed an ice beast
  3275 | D:4      | Killed an ice beast
  3276 | D:4      | Reached skill level 4 in Long Blades
  3276 | D:4      | Reached XP level 6. HP: 23/48 MP: 7/7
  3598 | D:4      | Noticed a water moccasin
  3609 | D:4      | Killed a water moccasin
  3610 | D:4      | Reached XP level 7. HP: 51/55 MP: 8/8
  3679 | D:4      | Reached skill level 5 in Shields
  4008 | D:4      | Found a staircase to the Ecumenical Temple.
  4018 | Temple   | Entered the Ecumenical Temple
  4190 | D:4      | Reached *** piety under Dithmenos
  4292 | D:5      | Entered Level 5 of the Dungeon
  4400 | D:5      | Reached skill level 5 in Long Blades
  4400 | D:5      | Reached skill level 1 in Stealth
  4706 | D:5      | Reached skill level 5 in Fighting
  4706 | D:5      | Reached XP level 8. HP: 31/62 MP: 10/10
  4852 | D:5      | Reached skill level 5 in Armour
  5869 | D:6      | Reached skill level 6 in Long Blades
  5973 | D:6      | Found a sand-covered staircase.
  5978 | Ossuary  | Entered an ossuary
  6214 | Ossuary  | Reached XP level 9. HP: 63/68 MP: 12/12
  6222 | Ossuary  | Reached **** piety under Dithmenos
  6360 | Ossuary  | Gained mutation: Your spells are a little easier to cast,
                  | but a little less powerful. [potion of mutation]
  6546 | Ossuary  | Reached skill level 5 in Invocations
  6862 | D:6      | Reached skill level 7 in Long Blades
  7144 | D:6      | Reached skill level 5 in Stealth
  7514 | D:6      | Reached XP level 10. HP: 56/77 MP: 9/14
  7762 | D:6      | Found a sacrificial altar of Ru.
  7890 | D:6      | Found Viraghul's Jewellery Boutique.
  8264 | D:6      | Found a glowing silver altar of Zin.
  8264 | D:6      | Found an opulent altar of Gozag.
  8468 | D:6      | Reached ***** piety under Dithmenos
  8498 | D:6      | Reached skill level 8 in Long Blades
  8827 | D:7      | Noticed Pikel
  8975 | D:6      | Killed Pikel
 10343 | D:8      | Found a burning altar of Makhleb.
 10547 | D:8      | Found a runed translucent door.
 10568 | D:8      | Noticed MrDNA's ghost (novice TrHu)
 10569 | D:8      | Noticed a cyclops
 10809 | D:8      | Noticed an unseen horror
 10824 | D:8      | Killed an unseen horror
 10880 | D:8      | Reached XP level 11. HP: 81/84 MP: 16/16
 11268 | D:9      | Found a transporter.
 11272 | D:9      | Noticed an eight-headed hydra
 11341 | D:9      | Reached skill level 9 in Long Blades
 11386 | D:9      | Found a staircase to the Orcish Mines.
 11485 | D:9      | HP: 2/85 [orc warrior (10)]
 11508 | D:9      | HP: 2/85 [orc warrior (14)]
 11563 | D:9      | Killed from afar by an orc priest

Illustrated notes

Levels and vault maps discovered:
D:1:      arrival_zaba_pyramid, layout_basic, shapermc_ecumenical_altar_gd
D:2:      layout_basic, serial_shops, nicolae_shop_window_shopping
D:3:      layout_rooms, marbit_many_paths, serial_shops, shop, shop_coins, shop,
          nicolae_shop_behind_doors
D:4:      layout_cave_pools, overflow_temple_1_default,
          minmay_temple_entry_butterflies
D:5:      cheibrodos_quashed, layout_loops_cross, corexii_corridor_pit,
          chequers_serial_rivers_room_b
D:6:      layout_cave_pods, grunt_temple_overflow_gold_and_silver,
          mainiacjoe_overflow_six_doors_small, nicolae_ossuary_entry_ruins,
          serial_shops, kennysheep_little_box
D:7:      layout_rooms, lemuel_another_geyser, uniq_pikel
D:8:      layout_loops_ring, bloody_makhleb, ebering_ghost_inner_flame,
          serial_bayou_pond_c, st_stairs_6
D:9:      layout_cave_pools, minmay_orc_entry_temple_small, serial_rivers,
          chequers_serial_rivers_small_b, chequers_serial_rivers_micro_e,
          chequers_serial_rivers_micro_c, chequers_serial_rivers_small_a,
          enter_bailey_2, gammafunk_ghost_berserking_beasts, minivault_13
Temple:   nicolae_temple_elliptical

Skill      XL: |  1  2  3  4  5  6  7  8  9 10 11 |
---------------+----------------------------------+-----
Shields        | 4 5 6 7 8 |  8.3
Long Blades    | 3 4 5 6 7 8 9 |  9.1
Invocations    | 1 2 3 4 5 6 7 |  7.2
Fighting       | 4 5 6 7 |  7.7
Armour         | 4 5 6 7 |  7.5
Stealth        | 1 3 5 6 7 |  7.0

Action                   |  1- 3 |  4- 6 |  7- 9 | 10-12 || total
-------------------------+-------+-------+-------+-------++-------
Melee: Long sword        |    42 |       |    85 |   129 ||   256
       Dagger            |    43 |   143 |   321 |   402 ||   909
Invok: Shadow Step       |       |       |       |     2 ||     2
  Use: Scroll            |     4 |     1 |     9 |     4 ||    18
       Potion            |       |       |     1 |     4 ||     5
Armor: Scale mail        |    28 |    31 |       |       ||    59
       Chain mail        |       |    45 |    26 |       ||    71
       Plate armour      |       |       |   164 |   309 ||   473
Dodge: Dodged            |    30 |    68 |    93 |   195 ||   386
Block: Buckler           |     9 |    27 |    81 |   134 ||   251

Table legend: (Time is in decaauts)
 A = Elapsed time spent in this place.
 B = Non-inter-level travel time spent in this place.
 C = Inter-level travel time spent in this place.
 D = Time resting spent in this place.
 E = Time spent auto-exploring this place.
 F = Levels seen in this place.
 G = Mean time per level.
                   A        B        C        D        E       F      G
               +--------+--------+--------+--------+--------+-----+--------+
         Total |  11418 |  11041 |    377 |   3478 |   4339 |  11 | 1038.0 |
       Dungeon |  10421 |  10066 |    355 |   3153 |   4204 |   9 | 1157.9 |
        Temple |    156 |    134 |     22 |      0 |    118 |   1 |  156.0 |
       Ossuary |    840 |    840 |      0 |    325 |     17 |   1 |  840.0 |
               +--------+--------+--------+--------+--------+-----+--------+

Top non-repeatable levels by time:
     D:6: 2256 daAuts
     D:1: 1768 daAuts
     D:5: 1547 daAuts
     D:8: 1435 daAuts
     D:4: 939 daAuts
 Ossuary: 840 daAuts
     D:2: 804 daAuts
     D:7: 785 daAuts
     D:3: 615 daAuts
     D:9: 267 daAuts
  Temple: 156 daAuts
